 Dungeon Crawl Stone Soup version 0.29.1-1-gd02db6906a (webtiles) character file.

Game seed: 15757086016105695709

60935 warriortoast the Eclecticist (level 14, -11/80 HPs)
             Began as a Deep Elf Conjurer on Oct 14, 2022.
             Was a High Priest of Vehumet.
             Killed from afar by a deep elf zephyrmancer (21 damage)
             ... with a bolt of lightning
             ... on level 1 of the Orcish Mines on Oct 18, 2022.
             The game lasted 02:12:36 (32140 turns).

warriortoast the Eclecticist (Deep Elf Conjurer)   Turns: 32140, Time: 02:12:37

Health: -11/80     AC: 11    Str:  6    XL:     14   Next: 58%
Magic:  0/38       EV: 15    Int: 33    God:    Vehumet [*****.]
Gold:   463        SH:  0    Dex: 19    Spells: 9/49 levels left

rFire   + . .      SeeInvis .   B - +5 scimitar (freeze)
rCold   + . .      Faith    .   (no shield)
rNeg    . . .      Spirit   +   L - +2 robe {rC+ rF+}
rPois   .          Reflect  .   h - +1 helmet
rElec   .          Harm     .   H - +2 cloak {rCorr}
rCorr   +          Rampage  .   w - +0 pair of gloves
Will    +....                   y - +0 pair of boots
Stlth   ++........              I - amulet of guardian spirit
HPRegen 0.23/turn               q - +6 ring of dexterity
MPRegen 0.26/turn               F - +6 ring of intelligence

@: no status effects
A: no striking features
a: Renounce Religion


You were on level 1 of the Orcish Mines.
You worshipped Vehumet.
Vehumet was extremely pleased with you.
You visited 5 branches of the dungeon, and saw 19 of its levels.

You collected 1547 gold pieces.
You spent 1084 gold pieces at shops.

Inventory:

Hand Weapons
 d - the +6 flail "Naepti Vaura" {freeze, rPois}
   (You found it on level 5 of the Lair of Beasts)

   It freezes those it strikes, dealing additional cold damage.
   It can also slow down cold-blooded creatures.
   rPois:     It protects you from poison.
 B - a +5 scimitar of freezing (weapon)
 C - a +3 dagger of speed
Armour
 h - a +1 helmet (worn)
 w - a +0 pair of gloves (worn)
 y - a +0 pair of boots (worn)
 G - +0 steam dragon scales
 H - a +2 cloak of preservation (worn)
 L - a +2 robe of resistance (worn)
 N - a +2 robe of willpower
 Q - a +2 robe of fire resistance
Jewellery
 q - a +6 ring of dexterity (left hand)
 E - a +6 ring of strength
 F - a +6 ring of intelligence (right hand)
 I - an amulet of guardian spirit (around neck)
 K - an amulet of the acrobat
 M - a ring of fire
 P - an amulet of regeneration
 R - a ring of poison resistance
Wands
 r - a wand of flame (22)
Scrolls
 a - 2 scrolls of brand weapon
 i - 10 scrolls of teleportation
 l - 5 scrolls of blinking
 p - 3 scrolls of magic mapping
 s - 3 scrolls of amnesia
 v - 2 scrolls of enchant weapon
 z - 3 scrolls of fear
 S - a scroll of noise
Potions
 b - a potion of magic
 c - 7 potions of heal wounds
 e - 2 potions of brilliance
 f - 5 potions of attraction
 g - 2 potions of resistance
 j - 4 potions of might
 k - 7 potions of curing
 m - 3 potions of berserk rage
 n - 3 potions of cancellation
 t - 2 potions of invisibility
 A - 3 potions of mutation
 D - 2 potions of flight
 J - a potion of haste
Miscellaneous
 o - a piece from Xom's chessboard (15/15)
 O - a condenser vane


   Skills:
 - Level 6.0 Fighting
 - Level 6.0 Dodging
 - Level 2.4 Stealth
 - Level 18.0 Spellcasting
 - Level 16.0 Conjurations
 - Level 7.0 Hexes
 - Level 5.0 Translocations
 + Level 7.9 Fire Magic
 - Level 8.0 Air Magic
 + Level 1.6 Earth Magic
 - Level 8.0 Evocations


You had 9 spell levels left.
You knew the following spells:

 Your Spells              Type           Power      Damage    Failure   Level
a - Magic Dart            Conj           100%       1d8       0%          1
b - Dazzling Flash        Conj/Hex       100%       N/A       1%          3
c - Static Discharge      Conj/Air       83%        3-14/arc  0%          2
d - Fulminant Prism       Conj/Hex       40%        3d20      1%          4
e - Iskenderun's Mystic   Conj/Tloc      78%        2d16      1%          4
f - Lightning Bolt        Conj/Air       41%        1d60      1%          5
g - Swiftness             Air            70%        N/A       1%          3
h - Orb of Destruction    Conj           47%        9d12      1%          7
i - Fireball              Conj/Fire      41%        3d17      1%          5
j - Iron Shot             Conj/Erth      36%        9d7       1%          6

Your spell library contained the following spells:

 Spells                   Type           Power      Damage    Failure   Level
 Searing Ray              Conj           100%       2d8       0%          2
 Summon Small Mammal      Summ           100%       N/A       1%          1
 Ensorcelled Hibernation  Hex/Ice        100%       N/A       1%          2
 Passwall                 Tmut/Erth      29%        N/A       1%          2
 Stone Arrow              Conj/Erth      100%       3d13      1%          3
 Summon Guardian Golem    Hex/Summ       51%        N/A       1%          3
 Call Canine Familiar     Summ           29%        N/A       3%          3
 Animate Armour           Summ/Erth      70%        N/A       9%          4
 Spellforged Servitor     Conj/Summ      35%        N/A       11%         7
 Dispersal                Tloc           29%        N/A       24%         6
 Blade Hands              Tmut           14%        N/A       34%         5
 Lehudib's Crystal Spear  Conj/Erth      36%        10d9      45%         8
 Maxwell's Capacitive Co  Air            35%        ∞         58%         8
 Disjunction              Tloc           29%        N/A       100%        8


Dungeon Overview and Level Annotations

Branches:
Dungeon (10/15)            Temple (1/1) D:6            Lair (5/5) D:9
 Shoals (0/4) Lair:3        Snake (0/4) Lair:2        Slime (1/5) Lair:4
    Orc (2/2) D:9             Elf (0/3) Orc:2

Altars:
Ashenzari
Cheibriados
Elyvilon
Fedhas
Gozag
Hepliaklqana
Kikubaaqudgha
Makhleb
Nemelex Xobeh
Okawaru
Qazlal
Ru
Trog
Vehumet
Wu Jian
Xom
Yredelemnul
The Shining One
Lugonu

Shops:
D:3 :   D:8 !   Orc:1 *   Orc:2 ([:*=

Portals:
Abyss: Lair:5

Annotations:
D:7 3 runed translucent doors, TheUltimateLifeform's ghost, novice HOFi


Message History

The deep elf zephyrmancer gestures at you while chanting.
The bolt of lightning hits you!!!
Your fulminant prism crackles loudly.
Your fulminant prism explodes!
The blast of energy engulfs the deep elf zephyrmancer!
The deep elf zephyrmancer is almost dead.
You hear a shout!
There is a stone staircase leading down here.
Casting: Fulminant Prism (safe; 1% risk of failure)
Confirm with . or Enter, or press ? or * to list all spells.
Aiming: Fireball (safe; 1% risk of failure)
Press: ? - help, Shift-Dir - straight line, f - deep elf zephyrmancer
Aim: a deep elf zephyrmancer, wielding a +0 dagger and wearing a +0 chain mail (almost dead)
The fireball explodes!
The fireball engulfs the deep elf zephyrmancer!!
You kill the deep elf zephyrmancer!
Vehumet accepts your kill.
You feel your power returning.
You hear a shout!
The deep elf zephyrmancer casts a spell at you.
The bolt of lightning misses you.
Casting: Fireball (safe; 1% risk of failure)
Confirm with . or Enter, or press ? or * to list all spells.
Aiming: Fireball (safe; 1% risk of failure)
Press: ? - help, Shift-Dir - straight line, f - deep elf zephyrmancer
Aim: a deep elf zephyrmancer, wielding a +0 short sword The fireball explodes!
The fireball engulfs the deep elf zephyrmancer!
The deep elf zephyrmancer is heavily wounded.
You are too injured to fight recklessly!
Aiming: Throw Flame
Press: ? - help, Shift-Dir - straight line, f/p - deep elf zephyrmancer
Aim: a deep elf zephyrmancer, wielding a +0 short sword (heavily wounded, 67% to hit)
The puff of flame hits the deep elf zephyrmancer!
The deep elf zephyrmancer is severely wounded.
The deep elf zephyrmancer gestures at you while chanting.
The bolt of lightning hits you!!
* * * LOW HITPOINT WARNING * * *
The bolt of lightning hits you!!
You die...

#. ##. ####..
. ##)#..## ..
##......## .#
#........#
..## #$.).).#
....)
##@)###..∩...
#.)....))....
##.#.).)..##.
####).)###
..)e.#
###)... ...#.
.#.... ###..


You could see a deep elf zephyrmancer.

Vanquished Creatures
  An orc warlord (Orc:2)
  4 hydras
  8 death yaks
  An orc high priest (Orc:2)
  2 thrashing horrors (Lair:5)
  2 large abominations (Lair:5)
  Pikel (D:7)
  3 deep elf zephyrmancers
  4 orc knights (Orc:2)
  2 ugly things (Lair:5)
  5 orc sorcerers (Orc:2)
  18 elephants
  Maurice (D:8)
  Joseph (D:8)
  2 torpor snails
  A black mamba (Lair:1)
  2 smoke demons (Lair:5)
  9 cane toads
  Psyche (D:8)
  11 komodo dragons
  A kobold demonologist (D:9)
  An ancient zyme (Lair:5)
  A polar bear (Lair:5)
  3 trolls
  3 slime creatures (Slime:1)
  18 blink frogs
  9 dream sheep
  Sigmund (D:6)
  2 wyverns
  63 yaks
  A shadow (D:9)
  2 ynoxinuls (Lair:5)
  6 basilisks
  11 small abominations (Lair:5)
  2 steam dragons
  4 chaos spawn (Lair:5)
  3 wargs (Orc:2)
  Edmund (D:6)
  3 nagas (Lair:2)
  11 water moccasins
  4 black bears
  A sky beast (D:7)
  28 orc warriors
  An ice beast (D:6)
  8 ogres
  5 wolves (Lair:3)
  4 centaurs
  2 phantoms (D:6)
  14 bullfrogs
  A wyvern zombie (D:7)
  A necrophage (D:5)
  Blork the orc (D:6)
  5 scorpions
  A gnoll sergeant (D:7)
  8 wights
  2 killer bees (D:8)
  2 howler monkeys (D:9)
  An electric eel (Lair:4)
  7 crimson imps (D:9)
  A centaur zombie (D:7)
  2 jellies (D:5)
  Crazy Yiuf (D:2)
  5 hounds
  2 gnoll boudas
  25 orc priests
  An iguana (D:5)
  Natasha (thrice) (D:2)
  25 orc wizards
  4 hell rats (Lair:5)
  10 adders
  23 gnolls
  3 shadow imps
  2 white imps
  5 ufetubi
  A worm (D:3)
  4 dart slugs
  73 orcs
  3 ball pythons
  4 bats
  7 endoplasms
  2 giant cockroaches
  15 goblins
  8 hobgoblins
  4 jackals
  A quokka (D:5)
  2 frilled lizards
  17 kobolds
  4 rats
  A butterfly (Lair:4)
579 creatures vanquished.

Vanquished Creatures (others)
  2 bushes (Lair:5)
  243 fulminant prisms
  69 fungi
  108 plants
422 creatures vanquished.

Grand Total: 1001 creatures vanquished

Notes
Turn   | Place    | Note
-------+----------+-------------------------------------------
     0 | D:1      | warriortoast the Deep Elf Conjurer began the quest for the
                  | Orb.
     0 | D:1      | Reached XP level 1. HP: 10/10 MP: 6/6
   175 | D:1      | Reached XP level 2. HP: 15/15 MP: 3/8
   392 | D:1      | Reached skill level 4 in Spellcasting
   550 | D:1      | Reached skill level 5 in Conjurations
   550 | D:1      | Reached XP level 3. HP: 19/19 MP: 5/10
   554 | D:1      | Learned a level 3 spell: Dazzling Flash
  1038 | D:2      | Noticed Natasha
  1045 | D:2      | Killed Natasha
  1046 | D:2      | Reached skill level 1 in Hexes
  1051 | D:2      | Reached XP level 4. HP: 13/24 MP: 2/12
  1436 | D:2      | Learned a level 2 spell: Static Discharge
  1700 | D:2      | Noticed Natasha
  1705 | D:2      | Killed Natasha
  2191 | D:3      | Found Usoomiu's Book Shoppe.
  2256 | D:3      | Found a faded altar of an unknown god.
  2312 | D:3      | Reached skill level 5 in Spellcasting
  2394 | D:3      | Reached XP level 5. HP: 28/28 MP: 8/14
  2470 | D:2      | Noticed Natasha
  2477 | D:2      | Killed Natasha
  2672 | D:2      | Found a runed translucent door.
  2673 | D:2      | Noticed Crazy Yiuf
  2798 | D:3      | Learned a level 4 spell: Fulminant Prism
  2960 | D:3      | Found a faded altar of an unknown god.
  3540 | D:3      | Reached XP level 6. HP: 4/32 MP: 6/16
  4296 | D:4      | Reached skill level 6 in Spellcasting
  4491 | D:4      | Found a shimmering altar of Xom.
  4531 | D:4      | Found a glowing golden altar of the Shining One.
  4749 | D:4      | Found an opulent altar of Gozag.
  4813 | D:4      | Found a snail-covered altar of Cheibriados.
  5080 | D:5      | Entered Level 5 of the Dungeon
  5167 | D:5      | Noticed a wyvern
  5177 | D:5      | Killed a wyvern
  5178 | D:5      | Reached XP level 7. HP: 36/36 MP: 11/18
  5252 | D:5      | Reached skill level 5 in Hexes
  5576 | D:5      | Found a burning altar of Makhleb.
  5597 | D:5      | Reached skill level 7 in Spellcasting
  5935 | D:5      | Found an ancient bone altar of Kikubaaqudgha.
  6407 | D:5      | Reached XP level 8. HP: 41/41 MP: 15/21
  6454 | D:5      | Learned a level 4 spell: Iskenderun's Mystic Blast
  6460 | D:5      | Learned a level 5 spell: Lightning Bolt
  6773 | D:6      | Noticed Edmund
  6781 | D:6      | Killed Edmund
  6782 | D:6      | Reached skill level 8 in Spellcasting
  6782 | D:6      | Reached skill level 1 in Translocations
  6782 | D:6      | Reached skill level 1 in Air Magic
  7085 | D:6      | Noticed Sigmund
  7128 | D:6      | Killed Sigmund
  7685 | D:6      | Reached skill level 9 in Spellcasting
  7729 | D:6      | Reached XP level 9. HP: 45/45 MP: 9/24
  8127 | D:6      | Noticed Blork the orc
  8132 | D:6      | Killed Blork the orc
  8387 | D:6      | Found a staircase to the Ecumenical Temple.
  8397 | Temple   | Entered the Ecumenical Temple
  8918 | D:7      | Found a stormy altar of Qazlal.
  8935 | D:7      | Noticed Pikel
  8944 | D:7      | Killed Pikel
  8945 | D:7      | Reached skill level 1 in Fighting
  9127 | D:7      | Reached skill level 10 in Spellcasting
  9237 | D:7      | Reached skill level 5 in Translocations
 10196 | D:7      | Reached skill level 5 in Air Magic
 10339 | D:7      | Learned a level 3 spell: Swiftness
 10436 | D:7      | Found a runed translucent gate.
 10436 | D:7      | Found a runed translucent gate.
 10436 | D:7      | Found a runed translucent gate.
 10436 | D:7      | Noticed TheUltimateLifeform's ghost (novice HOFi)
 10447 | D:7      | Reached XP level 10. HP: 54/54 MP: 10/26
 10579 | D:7      | Found a basalt altar of Yredelemnul.
 10775 | D:2      | Killed Crazy Yiuf
 11397 | D:8      | Noticed Maurice
 11525 | D:8      | Found Girrorgh Kofy's Distillery.
 11535 | D:8      | Reached skill level 10 in Conjurations
 11870 | D:8      | Bought a potion of haste for 160 gold pieces
 11870 | D:8      | Bought a potion of curing for 48 gold pieces
 11870 | D:8      | Bought a potion of flight for 48 gold pieces
 11870 | D:8      | Bought a potion of curing for 48 gold pieces
 11957 | D:8      | Killed Maurice
 12167 | D:8      | Noticed Joseph
 12180 | D:8      | Killed Joseph
 12434 | D:8      | Noticed Psyche
 12438 | D:8      | Killed Psyche
 12567 | D:8      | Noticed a deep elf zephyrmancer
 12570 | D:8      | Killed a deep elf zephyrmancer
 12722 | D:9      | Found a radiant altar of Vehumet.
 12725 | D:9      | Became a worshipper of Vehumet
 12787 | D:9      | Reached skill level 5 in Fighting
 13257 | D:9      | Found a staircase to the Lair.
 13292 | D:9      | Found a broken altar of Ashenzari.
 13989 | D:9      | Reached * piety under Vehumet
 13989 | D:9      | Offered knowledge of Shock by Vehumet.
 14245 | D:9      | Found a staircase to the Orcish Mines.
 14343 | Orc:1    | Entered Level 1 of the Orcish Mines
 14378 | Orc:1    | Reached XP level 11. HP: 64/64 MP: 13/27
 14521 | Orc:1    | Reached skill level 1 in Evocations
 15632 | Orc:1    | Offered knowledge of Sandblast by Vehumet.
 15738 | Orc:2    | Entered Level 2 of the Orcish Mines
 15748 | Orc:2    | Reached ** piety under Vehumet
 16345 | Orc:2    | Found Vitoerhy's Jewellery Emporium.
 16471 | Orc:2    | Found a staircase to the Elven Halls.
 16472 | Orc:2    | Noticed an orc knight
 16480 | Orc:2    | Killed an orc knight
 16747 | Orc:2    | Noticed an orc sorcerer
 16751 | Orc:2    | Killed an orc sorcerer
 16793 | Orc:1    | Offered knowledge of Mephitic Cloud by Vehumet.
 16930 | Orc:1    | Learned a level 7 spell: Orb of Destruction
 17138 | Orc:2    | Reached skill level 11 in Spellcasting
 17257 | Orc:2    | Noticed an orc knight
 17668 | Orc:2    | Reached skill level 5 in Dodging
 17860 | D:10     | Entered Level 10 of the Dungeon
 18123 | Lair:1   | Entered Level 1 of the Lair of Beasts
 18630 | Lair:1   | Reached skill level 5 in Evocations
 19230 | Lair:2   | Noticed a seven-headed hydra
 19352 | Lair:2   | Reached *** piety under Vehumet
 19357 | Lair:2   | Reached skill level 12 in Spellcasting
 19536 | Lair:2   | Reached XP level 12. HP: 70/70 MP: 16/30
 19823 | Lair:2   | Noticed a six-headed hydra
 20084 | Lair:2   | Offered knowledge of Ignite Poison by Vehumet.
 20286 | Lair:2   | Found a staircase to the Snake Pit.
 20342 | Lair:2   | Reached skill level 13 in Spellcasting
 20585 | Lair:2   | Killed a seven-headed hydra
 20806 | Lair:2   | Killed a six-headed hydra
 21671 | Lair:2   | Reached skill level 14 in Spellcasting
 22182 | Lair:3   | Found a staircase to the Shoals.
 22624 | Lair:3   | Reached **** piety under Vehumet
 22645 | Lair:3   | Offered knowledge of Freezing Cloud by Vehumet.
 22646 | Lair:3   | Reached skill level 15 in Spellcasting
 23391 | Lair:3   | Reached XP level 13. HP: 74/74 MP: 17/34
 24267 | Lair:4   | Identified the +2 ring mail of the Several Towns {rN+}
 25248 | Lair:4   | Found a staircase to the Slime Pits.
 25942 | Lair:4   | Reached skill level 16 in Spellcasting
 26403 | Lair:4   | Reached skill level 15 in Conjurations
 26940 | Lair:5   | Entered Level 5 of the Lair of Beasts
 27250 | Slime:1  | Entered Level 1 of the Pits of Slime
 27415 | Lair:5   | Reached skill level 17 in Spellcasting
 27892 | Lair:5   | Reached ***** piety under Vehumet
 27892 | Lair:5   | Offered knowledge of Fireball by Vehumet.
 28517 | Lair:5   | Reached XP level 14. HP: 80/80 MP: 6/37
 29216 | Lair:5   | Learned a level 5 spell: Fireball
 29377 | Lair:5   | Reached skill level 1 in Fire Magic
 29637 | Lair:5   | Identified the +6 flail "Naepti Vaura" {freeze, rPois}
 29921 | Lair:5   | Reached skill level 18 in Spellcasting
 30296 | Lair:5   | Found a corrupted altar of Lugonu.
 30296 | Lair:5   | Found a one-way gate to the infinite horrors of the Abyss.
 30587 | Lair:5   | Reached skill level 5 in Fire Magic
 31138 | Orc:2    | Noticed an orc warlord
 31149 | Orc:2    | Killed an orc warlord
 31740 | Orc:2    | Found Xiagg's Book Emporium.
 31773 | Orc:2    | Found Rahebres's General Store.
 31785 | Orc:2    | Bought a ring of poison resistance for 320 gold pieces
 31785 | Orc:2    | Bought a scroll of noise for 16 gold pieces
 31785 | Orc:2    | Bought a scroll of teleportation for 48 gold pieces
 31803 | Orc:2    | Bought a book of Iron for 396 gold pieces
 31810 | Orc:2    | Learned a level 6 spell: Iron Shot
 31819 | Orc:2    | Found Naumitec's Antique Weapon Emporium.
 31925 | Orc:2    | Found Novug's Antique Armour Emporium.
 32094 | Orc:1    | Found Ujiapion's Mayhem Merchandise.
 32100 | Orc:1    | Reached skill level 1 in Earth Magic
 32140 | Orc:1    | Killed from afar by a deep elf zephyrmancer

Illustrated notes

Levels and vault maps discovered:
D:1:      dpeg_arrival_round_c, layout_loops_ring, st_stairs_9
D:2:      layout_basic, uniq_natasha, uniq_crazy_yiuf_cottage
D:3:      layout_loops_cross, nicolae_overflow_ecumenical_swirl,
          shapermc_ecumenical_altar_ellora, serial_shops, shop
D:4:      layout_basic, mainiacjoe_overflow_concentric_impassable,
          mainiacjoe_overflow_brackets, nicolae_gozag_seed_capital,
          mainiacjoe_overflow_cross_hatched
D:5:      layout_loops_corners, nicolae_kikubaaqudgha_miasma_corner,
          kennysheep_mini
D:6:      layout_gridville, minmay_temple_entry_stoned_glass, uniq_edmund,
          uniq_blork_the_orc, uniq_sigmund
D:7:      corexii_shantytown, layout_basic, nicolae_yredelemnul_ghost_church,
          nicolae_qazlal_style_of_elements, st_stairs_1, uniq_pikel
D:8:      layout_loops_cross, serial_shops,
          nicolae_shop_temple_entry_statues_fountains,
          amcnicky_mini_corridor_feature, st_stairs_5, hangedman_decor_growths,
          guppyfry_early_elven_hall, uniq_psyche, uniq_maurice, uniq_joseph
D:9:      layout_roguey, ashenzari_altar_1, overflow_temple_1_default,
          grunt_lair_entry_orc_guard_hut, orc_0_dummy, minmay_nine_imps
D:10:     layout_small_grid, led_sif_book, lemuel_tele_altar,
          mainiacjoe_overflow_alcove_1
Temple:   nicolae_temple_godpark
Lair:1:   hellmonk_destroyed_diamonds, layout_small_grid
Lair:2:   layout_cellular_growth, guppyfry_snake_entry_island,
          columned_hall_lemuel
Lair:3:   layout_regular_city, shoals_dummy_entry, grunt_megastairs_4
Lair:4:   layout_cave_pods, slime_entry_1, infiniplex_staircase_pool,
          lemuel_fruit_fields
Lair:5:   hellmonk_lair_end_abyssal_woods, layout_gridlike, st_stairs_6
Slime:1:  layout_caves, nicolae_slime_phagocytosis
Orc:1:    layout_diamond_mine, basic_altar, minmay_shop_mayhem,
          elves_outpost_lemuel
Orc:2:    grunt_orc_cross, layout_caves, serial_shops, nicolae_shop_waterfront

Skill      XL: |  1  2  3  4  5  6  7  8  9 10 11 12 13 14 |
---------------+-------------------------------------------+-----
Spellcasting   | 4 5 6 7 9 10 12 15 17 18 | 18.0
Conjurations   | 5 6 7 8 9 10 11 14 15 16 | 16.0
Hexes          | 1 2 3 4 6 7 |  7.0
Translocations | 3 5 |  5.0
Air Magic      | 3 5 8 |  8.0
Fighting       | 2 6 |  6.0
Evocations     | 5 7 8 |  8.0
Dodging        | 6 |  6.0
Fire Magic     | 7 |  7.9
Earth Magic    | 1 |  1.6
Stealth        | |  2.4

Action                   |  1- 3 |  4- 6 |  7- 9 | 10-12 | 13-15 || total
-------------------------+-------+-------+-------+-------+-------++-------
Melee: Short sword       |     3 |     8 |       |       |       ||    11
       Scimitar          |       |       |     4 |     4 |     6 ||    14
       Punch             |       |       |       |       |     1 ||     1
 Cast: Magic Dart        |    47 |   161 |   237 |   312 |   208 ||   965
       Fulminant Prism   |       |     7 |    41 |   117 |    80 ||   245
       Static Discharge  |       |     2 |       |       |       ||     2
       Iskenderun's Myst |       |       |    18 |   147 |   118 ||   283
       Lightning Bolt    |       |       |       |    33 |    22 ||    55
       Swiftness         |       |       |       |     1 |     1 ||     2
       Orb of Destructio |       |       |       |       |    36 ||    36
       Fireball          |       |       |       |       |    21 ||    21
       Iron Shot         |       |       |       |       |     1 ||     1
Evoke: Wand              |       |       |       |    22 |    18 ||    40
       Condenser vane    |       |       |       |     1 |       ||     1
  Use: Scroll            |       |       |     6 |    10 |    10 ||    26
       Potion            |       |       |     2 |     3 |     1 ||     6
Armor: Robe              |     2 |     3 |    12 |    36 |    20 ||    73
Dodge: Dodged            |    16 |    19 |    42 |    68 |    45 ||   190
